[Event "Paris FIDE GP"]
[Site "Elancourt"]
[Date "2013.09.28"]
[Round "6"]
[White "Wang, Hao"]
[Black "Giri, Anish"]
[Result "1/2-1/2"]
[ECO "D12"]
[WhiteElo "2747"]
[BlackElo "2737"]
[Annotator "ChessBase Website"]
[PlyCount "86"]
[EventDate "2013.09.22"]
[EventType "tourn"]
[EventRounds "11"]
[EventCountry "FRA"]
[EventCategory "20"]
[SourceTitle "CBM 157"]
[Source "ChessBase"]
[SourceDate "2013.11.12"]
[SourceVersion "1"]
[SourceVersionDate "2013.11.12"]
[SourceQuality "1"]
[TimeControl "40/7200:20/3600:900+30"]
[WhiteClock "2:00:00"]
[BlackClock "2:00:00"]

1. d4 d5 2. c4 c6 3. Nf3 Nf6 4. e3 Bf5 5. Nc3 e6 6. Nh4 Be4 7. f3 Bg6 8. Qb3 Qc7 9. Bd2 Be7 10. Nxg6 hxg6 11. O-O-O dxc4 12. Bxc4 b5 13. Bd3 a6 14. Kb1 c5 15. dxc5 Nbd7 16. Ne4 Nxe4 17. Bxe4 Nxc5 18. Qc3 Bf6 19. Qc2 Rc8 20. Rc1 O-O 21. Bb4 Qe5 22. Bc3 Qb8 23. Bxf6 Nxe4 $146 {[%emt 0:04:27] The Chinese player decided to repeat
a line that was seen in the game Karpov-Caruana from 2008. Giri was very
familiar with the variation, and it is little wonder that he was - it is known
that Giri and Caruana have used Chuchelov as a second in previous years. Wang
Hao did not provide any clear improvement on the aforementioned game and Giri
obtained equality without issues. White had no real chances in the resulting
rook endgame.} (23... gxf6 24. Bxg6 Nd7 25. Qe4 fxg6 26. Qxg6+ Kh8 27. Qg8+
Kxg8 {1/2-1/2 (29) Karpov,A (2651)-Caruana,F (2640) Cap d'Agde 2008}) 24. Qxe4 gxf6 25. Qf4 Qb6 26. h4 e5 27. Qe4 Qd6 28. Rcd1 Qc6 29. Qxc6 Rxc6 30. h5 gxh5 31. Rxh5 Rfc8 32. Rhh1 Kf8 33. Rd7 Kg7 34. Ra7 f5 35. a3 R8c7 36. Rxc7 Rxc7 37. Rd1 Rc6 38. Rd5 Kf6 39. f4 exf4 40. exf4 Ke6 41. Re5+ Kf6 42. Rd5 Ke6 43. Re5+ Kf6 1/2-1/2

[Event "Metz op 31th"]
[Site "Metz"]
[Date "2013.04.21"]
[Round "3"]
[White "Donchenko, Alexander"]
[Black "Svetushkin, Dmitry"]
[Result "0-1"]
[ECO "D12"]
[WhiteElo "2428"]
[BlackElo "2588"]
[Annotator "Metz Alekhine/Primel,D"]
[PlyCount "70"]
[EventDate "2013.04.20"]
[EventType "swiss"]
[EventRounds "9"]
[EventCountry "FRA"]
[SourceTitle "EXT 2016"]
[Source "ChessBase"]
[SourceDate "2015.10.08"]
[SourceVersion "1"]
[SourceVersionDate "2015.10.08"]
[SourceQuality "1"]
[TimeControl "40/5400:1800+30"]
[WhiteClock "1:30:00"]
[BlackClock "1:30:00"]

1. d4 d5 2. c4 c6 3. Nf3 Nf6 4. e3 Bf5 (4... e6) (4... Bg4) 5. Nc3 (5. Qb3 Qb6)
5... e6 6. Nh4 Bg6 7. Be2 (7. Nxg6) 7... Nbd7 8. O-O (8. Bd2 Bd6 9. Nxg6 hxg6
10. Qc2 (10. h3)) 8... Bd6 9. g3 a6 (9... Qe7 10.
Qb3 Rb8 11. Bd2 O-O 12. Nxg6 hxg6 13. Qc2 a6 14. c5 Bc7 15. b4 e5 16. a4 Qe6
17. Kg2 e4 18. f4 exf3+ 19. Bxf3 Rbe8 20. Rab1 Re7 21. b5 axb5 22. axb5 Ba5 23.
Nxd5 Nxd5 24. e4 N7f6 25. exd5 Nxd5 26. Rbe1 Qxe1 27. Rxe1 Rxe1 28. Bg5 Nc7 29.
bxc6 Ne6 30. cxb7 Nxg5 31. d5 Bc7 32. d6 Bb8 33. Qd2 Rg1+ 34. Kf2 Nxf3 35. Kxf3
Rf1+ 36. Kg2 Rf6 37. Qd5 Rf5 38. Qc6 Ba7 39. d7 {Bologan,V (2655)-Motylev,A 
(2687) Poikovsky 2014 1-0}) (9... O-O 10. Nxg6) 10. Nxg6 hxg6 11. Qc2 dxc4 12.
Bxc4 Qe7 $146 (12... Qa5 13. Be2 Qf5 14. Qxf5 gxf5 15. Kg2 Ke7 16. h4 Rac8 17.
Bf3 Rhd8 18. Bd2 e5 19. dxe5 Nxe5 20. Rad1 b5 21. Ne2 Nxf3 22. Kxf3 Be5 23. Bc3
Bxc3 24. Nxc3 c5 25. e4 b4 26. e5 Ng4 27. Nd5+ Ke6 28. Nf4+ Ke7 29. Nd5+ Rxd5
30. Rxd5 Nh2+ 31. Kg2 Nxf1 32. Kxf1 Ke6 33. Rd6+ Kxe5 34. Rxa6 Rc7 35. Ke2 f4
36. a3 fxg3 37. fxg3 Kd4 38. Kd2 Kc4 39. Kc2 Re7 40. axb4 cxb4 41. b3+ Kd5 42.
Ra5+ {Ahvenjarvi,J (2210)-Houska,J (2398) Oslo 2012 1/2-1/2 (87)}) 13. Ne4 Nxe4
14. Qxe4 g5 $1 $11 15. Bd2 Nf6 (15...
Qf6) (15... g4) 16. Qg2 $6 {[%csl Rg2] L'aile-roi a été affaiblie et la Q
revient en défense mais la Qg2 est trop passive} g4 17. f4 {Un nouvel
affaiblissement mais les Blancs de s'activer} gxf3 18. Qxf3 e5 $15 19. e4 $1 {
[%csl Rf6][%cal Gd2g5] Un bon sacrifice pour tenter d'exploiter la paire de B}
exd4 20. e5 $1 {[%csl Re8] La suite logique mais les Blancs doivent maintenant
justifier l'investissement de 2 P et si les Noirs arrivent à roquer,
l'attaque Blanche risque de s'essouffler} (20. Bg5 Be5) 20... Bxe5 21. Rae1 O-O
$5 {Le ooo parait assez risqué} (21... O-O-O $6 22. Bf4 (22. Bxa6 bxa6 23.
Qxc6+) 22... Nd7 23. Bxe5 Nxe5 24. Qf5+) 22. Qf5 $1 Rae8 23. Bg5 Qd6 24. Bd3 $2 (24. Bxf6 $142 Bxf6 25. Bxf7+ $1 {La pointe
} Kxf7 26. Qh5+ Kg8 (26... g6 27. Qh7#) 27. Rxe8) 24... g6 $1 {
Gagne un tempo important sur la Q et les Noirs vont avoir le temps de ramener
le Bg7 en défense} 25. Qh3 Nd5 $40 {[%cal Ge5g7,Gd5e3] les Blancs n'ont plus
assez de compensations} 26. Re4 Bg7 27. Rh4 Qe6 28. Bf5 {Une dernière
tentative} gxf5 $19 29. Bh6 Qg6 $1 {le P"f5" pare la menace Rg4} 30. Rxf5 Bxh6
31. Rg4 {Beaucoup de joueurs coté noir auraient paniqué face à la menace
d'enfilade mais le GMI va faire preuve de sang-froid en trouvant une jolie
parade.} Re1+ $1 32. Kf2 Rf1+ $1 {La pointe!} 33. Ke2 Re8+ 34. Kd3 Rf3+ 35.
Kxd4 Bg7+ 0-1

[Event "FRA-chT Top 12"]
[Site "Brest"]
[Date "2019.05.24"]
[Round "7.1"]
[White "Velten, Paul"]
[Black "Solodovnichenko, Yuri"]
[Result "0-1"]
[ECO "D12"]
[WhiteElo "2507"]
[BlackElo "2572"]
[Annotator "Mueller,Karsten"]
[PlyCount "154"]
[EventDate "2019.05.18"]
[EventType "team-tourn"]
[EventRounds "11"]
[EventCountry "FRA"]
[SourceTitle "CBM 191"]
[Source "ChessBase"]
[SourceDate "2019.08.31"]
[SourceVersion "1"]
[SourceVersionDate "2019.08.31"]
[SourceQuality "1"]
[WhiteTeam "Tours Hauts-de-France St Quentin"]
[BlackTeam "Vandoeuvre echecs"]
[WhiteTeamCountry "FRA"]
[BlackTeamCountry "FRA"]
[TimeControl "40/5400+30:1800+30"]

1. d4 d5 2. c4 c6 3. e3 Bf5 4. Nc3 e6 5. Nf3 Nd7 6. Bd3 Bxd3 7. Qxd3 Ngf6 8.
O-O Be7 9. Rd1 O-O 10. e4 dxe4 11. Nxe4 Nxe4 12. Qxe4 Re8 13. Be3 Qa5 14. Bd2 $146 (14. a3 Qa4
15. Rac1 Rad8 16. h3 Nb6 17. Qb1 h6 18. Qa2 Bf6 19. b3 Qa5 20. a4 Rd7 21. Rd2
Red8 22. Rcd1 Qf5 23. Qb1 Qxb1 24. Rxb1 g5 25. Rbd1 Kg7 26. Kf1 Kg6 27. g4 Bg7
28. a5 Nc8 29. Ne5+ Bxe5 30. dxe5 Rxd2 31. Rxd2 Rxd2 32. Bxd2 h5 33. Be3 hxg4
34. hxg4 a6 35. Ke2 f5 36. exf6 Kxf6 37. Kd3 e5 38. Kc3 Nd6 39. f3 Nf7 40. Kb4
Ke6 41. Kc5 Kd7 42. Kb6 Kc8 43. Bc5 Kb8 {Byrne,R (2530)-Sigurjonsson,G (2475)
Reykjavik 1980 1/2-1/2}) 14... Qa6 15. Qc2 Bf6 16. Bg5 Rad8 17. Bxf6 Nxf6 18. b3 Qa5 19. Rd2 Qf5 20. Re1 Qf4 21. Re3 Re7 22. g3 Qc7 23. Kg2 Red7 24.
Red3 Rd6 25. Rd1 Qa5 26. Qe2 h6 27. h3 Qf5 28. Re3 Qa5 29.
Red3 a6 30. Qe1 Qxe1 31. Nxe1 g5 32. Kf3 R6d7 33. Ke3 Ne8 34.
Nc2 Nd6 35. c5 Nb5 36. a4 Nc7 37. Ke2 Nd5 38. Ne3 f6 39. Kf3 e5 $1 40. Nf5 Nb4
$1 41. R3d2 exd4 (41... Kf8)
(41... h5) 42. Rxd4 Rxd4 43. Rxd4 Rxd4 44. Nxd4 Nd3 45. Ne6 Nc1 46. Ke3 Nxb3 47. Kd3 Kf7 48. Nd8+ Ke7 49. Nxb7 f5 50. Kc3 Nc1 51. Kd4 $6 (51. Na5 $1 Kd7 (51... Ne2+ 52. Kd3 Ng1 53. h4
gxh4 54. gxh4 h5 55. Ke3 Nh3 56. Nxc6+ Kd7 57. Ne5+) 52. Kd2)
51... f4 52. gxf4 Ne2+ 53.
Ke4 Nxf4 54. h4 Ne6 55. hxg5 Nxg5+ 56. Kf5 Ne6 57. Na5 Nxc5 58. Nxc6+ Kd6 59. Na5 Nd3 60. f3 Kc5 61. Kg6 Ne5+ 62. Kxh6 Nxf3 63. Kg6 Nd2 64. Nb7+ Kb4 65. Kf5 Nb3 66. Ke4 Kxa4 67. Kd3 Kb4 68. Kc2 Nd4+ 69. Kb2 Nf5 70. Ka2 Ne7 71. Kb2 Nc6 72. Ka2 Ne5 73. Kb2 $2 Nf7 $1 {[%emt 0:00:06] Total domination!  The black king is at
a distance to dominate the knight, which can also be called the Karpov
distance and now the black knight is also dominating it from the east as well.
Totale Dominanz! Der schwarze König steht zum Springer in einer
Dominanzdistanz, die auch Karpovdistanz genannt werden kann und nun dominiert
der schwarze Springer ihn auch noch in östlicher Richtung.} 74. Ka2 Kb5 75. Kb3 Kb6 76.
Nc5 Kxc5 77. Ka4 Kb6 0-1